Selects Luftwaffe Battlegroup
Selects Fallschirmpioneer Squad Paradrop
Fallschirmpioneer Squad Paradrop
Construct Infanterie Kompanie
Fallschirmpioneer Squad Paradrop
Construct Panzergrenadier Kompanie
Selects LG40 Recoilless Launcher Paradrop
LG40 Recoilless Launcher Paradrop
LG40 Recoilless Launcher Paradrop
Selects Infantry Reserves
Construct Panzer Kompanie
Selects Stuka Strafing Run
Panzergrenadier Officer Quarters
Selects Fallschirmjäger Squad Paradrop
Pak 40 Anti-tank Gun Team